 Dungeon Crawl Stone Soup version 0.31-b1-22-gc680215f68 (webtiles) character file.

Game seed: 16639802223442237978

495 groovy9 the Shooter (level 6, -5/56 HPs)
             Began as a Minotaur Hunter on Jan 19, 2024.
             Slain by a hornet (15 damage)
             ... on level 4 of the Dungeon.
             The game lasted 00:18:16 (3208 turns).

groovy9 the Shooter (Minotaur Hunter)               Turns: 3208, Time: 00:18:17

Health: -5/56      AC:  4    Str: 15    XL:     6   Next: 92%
Magic:  5/5        EV: 14    Int:  6    God:
Gold:   136        SH:  0    Dex: 16    Spells: 5/5 levels left

rFire   . . .        a - +0 shortbow
rCold   . . .        (shield currently unavailable)
rNeg    . . .        c - +0 leather armour
rPois   .            (helmet restricted)
rElec   .            q - +0 cloak
rCorr   .            (no gloves)
SInv    .            (no boots)
Will    .....        (no amulet)
Stlth   +            (no ring)
HPRegen 0.29/turn    (no ring)
MPRegen 0.09/turn

%: no passive effects
@: lethally poisoned (-5 -> -27), attractive, slowed, very slow
A: horns 2, retaliatory headbutt
a: no special abilities


You were on level 4 of the Dungeon.
You visited 2 branches of the dungeon, and saw 6 of its levels.

You collected 155 gold pieces.
You spent 19 gold pieces at shops.

Inventory:

Hand Weapons
 a - a +0 shortbow (weapon)
Armour
 c - a +0 leather armour (worn)
 e - a scarf of resistance
 k - a +0 cloak
 q - a +0 cloak (worn)
Scrolls
 f - a scroll of noise {unknown}
 h - a scroll of blinking {unknown}
 i - a scroll of identify {unknown}
 j - a scroll of silence {unknown}
 l - a scroll of immolation {unknown}
 p - a scroll of poison {unknown}
Potions
 b - a potion of attraction
 g - a potion of curing {unknown}
 m - a potion of mutation {unknown}
 n - 2 potions of heal wounds {unknown}
 o - a potion of magic {unknown}


   Skills:
 + Level 5.6 Fighting
 + Level 6.3 Ranged Weapons
 + Level 5.0 Dodging
 - Level 0.7 Stealth


You had 5 spell levels left.
You didn't know any spells.
Your spell library contained the following spells:

 Spells                   Type           Power      Damage    Failure   Level
 Mercury Vapours          Alch/Air       0%         N/A       67%         2
 Mephitic Cloud           Conj/Alch/Air  0%         N/A       88%         3
 Freezing Cloud           Conj/Ice/Air   0%         6-21      100%        5


Dungeon Overview and Level Annotations

Branches:
Dungeon (5/15)             Temple (1/1) D:4

Altars:
Ashenzari
Cheibriados
Dithmenos
Elyvilon
Gozag
Hepliaklqana
Kikubaaqudgha
Makhleb
Nemelex Xobeh
Okawaru
Qazlal
Sif Muna
Trog
Uskayaw
Vehumet
Wu Jian
Xom
Yredelemnul
Zin
The Shining One

Shops:
D:2 ?*


Innate Abilities, Weirdness & Mutations

You have a pair of horns on your head.
You reflexively headbutt those who attack you in melee.


Message History

You start removing your armour.
You continue taking off your +0 cloak. x4
You finish taking off your +0 cloak.
You start putting on your armour.
You continue putting on your +0 cloak. x5
You finish putting on your +0 cloak.
Search for what [Enter for "."]? .
Partly explored, can't reach some items.
There is a stone staircase leading down here.
You climb downwards.
There is a stone staircase leading up here.
A water moccasin comes into view.
Okay, then.
There is a stone staircase leading up here.
As you read the scroll labelled KYAGEMM ADWU, it crumbles to dust.
You feel strangely unstable.
It was a scroll of teleportation.
You climb upwards.
Your surroundings suddenly seem different.
The hornet buzzes angrily.
The hornet stings you!
You are poisoned.
You feel yourself slow down. The hornet stings you.
You suddenly lose the ability to move!
You can move again.
Fire: a) +0 shortbow
Press: ? - help, Q - select action Shift-Dir - straight line, f - hornet
Aim: a hornet (53% to hit)
You shoot an arrow. The arrow barely misses the hornet.
You feel very sick. The hornet stings you!
You are more poisoned.
You feel as though you will be slow longer.
The hornet stings you.
You are lethally poisoned!
You feel as though you will be slow longer.
It was a potion of attraction.
You feel attractive to monsters.
* * * LOW HITPOINT WARNING * * *
You feel extremely sick. The hornet barely misses you. You furiously retaliate!
You headbutt the hornet. The hornet stings you!
You die...

#........# #.#.#.### ##########
#..##....#^^^§^#.).# #........)
#..##..#########.#.# #.#.......
#..##..#!'^....'.#.#####.#.######
#..##..#########.......#.#.# #.
#........#^^^^§#.####....#.#####.
##.##..>.# #.#.#.................
#.##.##.#######y####...#.######.
#.##.##........@# ##.##.######.
#.##.###..#.##.## #.##........
#..............# #.##.#######
################ #.##.# #...%#
####.# #.# ### #.#####..
#...<....


You could see a hornet.

Vanquished Creatures
  A black bear (D:4)
  A phantom (D:4)
  A jelly (D:4)
  An orc priest (D:4)
  2 hounds
  An orc wizard (D:4)
  Robin (D:3)
  8 adders
  6 dart slugs
  A ribbon worm (D:4)
  4 orcs (D:4)
  8 endoplasms
  A giant cockroach (D:1)
  9 goblins
  11 hobgoblins
  2 jackals (D:2)
  6 kobolds
  2 quokkas
  5 ball pythons
  3 bats
  5 frilled lizards
  8 rats
87 creatures vanquished.

Notes
Turn   | Place    | Note
-------+----------+-------------------------------------------
     0 | D:1      | groovy9 the Minotaur Hunter began the quest for the Orb.
     0 | D:1      | Reached XP level 1. HP: 18/18 MP: 0/0
   174 | D:1      | Reached XP level 2. HP: 19/25 MP: 1/1
   558 | D:2      | Reached XP level 3. HP: 31/31 MP: 2/2
   973 | D:2      | Found Nomacani's Assorted Antiques.
   976 | D:2      | Bought a scroll labelled ADOENO IXKOZO for 19 gold pieces
  1049 | D:2      | Reached skill level 5 in Ranged Weapons
  1250 | D:2      | Found Kaeraliu's Magic Scroll Shop.
  1360 | D:3      | Found a basalt altar of Yredelemnul.
  1364 | D:3      | Reached XP level 4. HP: 40/40 MP: 3/3
  1371 | D:3      | Noticed Robin
  1830 | D:4      | Reached XP level 5. HP: 47/47 MP: 4/4
  1839 | D:4      | Noticed a black bear
  1903 | D:3      | Killed Robin
  2103 | D:4      | Noticed a hornet
  2141 | D:4      | Noticed a moth of wrath
  2144 | D:4      | Found a bloodstained altar of Trog.
  2210 | D:4      | Found a staircase to the Ecumenical Temple.
  2218 | Temple   | Entered the Ecumenical Temple
  2464 | D:4      | Noticed a phantom
  2478 | D:4      | Killed a phantom
  2479 | D:4      | Reached skill level 5 in Fighting
  2479 | D:4      | Reached XP level 6. HP: 44/56 MP: 5/5
  2778 | D:4      | Reached skill level 6 in Ranged Weapons
  2927 | D:4      | Reached skill level 5 in Dodging
  2960 | D:4      | Found a snail-covered altar of Cheibriados.
  3193 | D:5      | Entered Level 5 of the Dungeon
  3198 | D:5      | Noticed a water moccasin
  3206 | D:4      | Paralysed by a hornet for 1 turns
  3208 | D:4      | Slain by a hornet

Illustrated notes

Levels and vault maps discovered:
D:1:      sevenhm_arrival_forest_fort_small_1, layout_basic
D:2:      layout_basic, serial_shops, nicolae_shop_stone,
          nicolae_shop_pleasant_corner_grove
D:3:      layout_rooms, lemuel_crystal_altar, mrwooster_statue_mirror,
          uniq_robin
D:4:      layout_loops_ring, tgw_trog, kennysheep_slug_shrine,
          minmay_temple_entry_wispy, grunt_tough_drop
D:5:      layout_basic
Temple:   minmay_temple_bridge_d

Skill      XL: |  1  2  3  4  5  6 |
---------------+-------------------+-----
Fighting       | 3 4 5 |  5.6
Dodging        | 3 4 5 |  5.0
Ranged Weapons | 5 6 |  6.3
Stealth        | |  0.7

Action                     |  1- 3 |  4- 6 || total
---------------------------+-------+-------++-------
   Fire: Shortbow          |   125 |   163 ||   288
    Use: Scroll            |       |     3 ||     3
         Potion            |       |     1 ||     1
 Armour: Leather armour    |    24 |    68 ||    92
  Dodge: Dodged            |    21 |    73 ||    94
